 Dungeon Crawl Stone Soup version 0.25.1-1-g288607f (webtiles) character file.

Game seed: 6545892969621771869

522 DUBB the Skirmisher (level 7, 0/59 HPs)
             Began as a Demonspawn Fighter on Sept 7, 2020.
             Was an Initiate of Trog.
             Killed from afar by an orc wizard (4 damage)
             ... with a magic dart
             ... on level 7 of the Dungeon.
             The game lasted 00:24:50 (2430 turns).

DUBB the Skirmisher (Demonspawn Fighter)            Turns: 2430, Time: 00:24:51

Health: 0/59       AC:  7    Str: 18    XL:     7   Next: 2%
Magic:  0/7        EV:  7    Int: 10    God:    Trog [......]
Gold:   120        SH: 10    Dex: 12    Spells: 6/6 levels left

rFire    . . .     SeeInvis .   a - +1 long sword
rCold    . . .     Gourm    .   c - +1 kite shield
rNeg     . . .     Faith    .   b - +0 scale mail
rPois    .         Spirit   +   (no helmet)
rElec    .         Reflect  .   (no cloak)
rCorr    .         Harm     .   n - +0 pair of gloves
MR       .....                  (no boots)
Stlth    ..........             o - amulet of guardian spirit
HPRegen  1.19/turn              (no ring)
MPRegen  0.10/turn              (no ring)

@: no status effects
A: talons 2, powered by death 1
a: Renounce Religion


You were on level 7 of the Dungeon.
You worshipped Trog.
Trog was noncommittal.
You were not hungry.

You visited 2 branches of the dungeon, and saw 6 of its levels.

You collected 120 gold pieces.

Inventory:

Hand Weapons
 a - a +1 long sword (weapon)
Missiles
 e - 48 bolts
 p - 18 poisoned darts (quivered)
Armour
 b - a +0 scale mail (worn)
 c - a +1 kite shield (worn)
 n - a +0 pair of gloves (worn)
Jewellery
 o - an amulet of guardian spirit (around neck)
Wands
 d - a wand of polymorph (7)
Scrolls
 h - a scroll of noise {unknown}
 i - a scroll of enchant armour
 j - a scroll of summoning {unknown}
 k - a scroll of teleportation
 m - 2 scrolls of remove curse {unknown}
Potions
 g - a potion of haste
 l - 2 potions of degeneration
Comestibles
 f - a ration


   Skills:
 + Level 6.4 Fighting
 + Level 2.9 Long Blades
 - Level 2.6 Armour
 - Level 0.7 Dodging
 - Level 1.1 Stealth
 - Level 4.1 Shields


You had 6 spell levels left.
You didn't know any spells.
Your spell library was empty.

Dungeon Overview and Level Annotations

Branches:
Dungeon (7/15)             Temple (1/1) D:6

Altars:
Cheibriados
Dithmenos
Elyvilon
Fedhas
Gozag
Hepliaklqana
Nemelex Xobeh
Qazlal
Ru
Sif Muna
Trog
Uskayaw
Wu Jian
The Shining One


Innate Abilities, Weirdness & Mutations

You have razor-sharp toenails.
You regenerate a little health from kills.


Message History

You block the sky beast's attack.
The orc warrior hits you from afar with a +0 glaive!
* * * LOW HITPOINT WARNING * * *
The howler monkey hits you but does no damage.
You don't know any spells.
You don't know any spells.
You don't know any spells.
Okay, then.
Aiming: Polymorph
Press: ? - help, Shift-Dir - straight line, f - sky beast
Aim: a sky beast (chance to defeat MR: 46%)
The sky beast resists with some effort.
The crimson imp blinks!
The sky beast hits you.
* * * LOW HITPOINT WARNING * * *
The sky beast shocks you.
* * * LOW HITPOINT WARNING * * *
The howler monkey hoots and howls with incredible vigour!
The orc wizard points at you and mumbles some strange words.
The magic dart hits you.
You die...

......... ..#....
.........# #.#...
.........# #....
.........# #...
.........# #.. ........#
#.# ........#####.###
.<.............o######..
.........##..##Y@hK§Y...
.........##.######o.....
............# #.#.5
.........#.## ..
............. .
#......##.....
#########...... (.....
###.


You could see an orc warrior, an ice beast, a sky beast, a howler monkey
(catching breath), an orc wizard (fast), a crimson imp and a kobold.

Vanquished Creatures
  A sky beast (D:6)
  An ogre (D:6)
  A bullfrog (D:6)
  A wyvern zombie (D:6)
  2 howler monkeys (D:7)
  A crimson imp (D:6)
  A centaur skeleton (D:6)
  3 adders
  A shadow imp (D:6)
  A worm (D:3)
  5 leopard geckos
  2 orcs (D:7)
  2 ball pythons (D:1)
  4 bats
  4 giant cockroaches
  3 goblins
  8 hobgoblins
  3 kobolds
  A quokka (D:2)
  5 frilled lizards
  2 rats
52 creatures vanquished.

Notes
Turn   | Place    | Note
-------+----------+-------------------------------------------
     0 | D:1      | DUBB the Demonspawn Fighter began the quest for the Orb.
     0 | D:1      | Reached XP level 1. HP: 18/18 MP: 1/1
   250 | D:1      | Gained mutation: You regenerate a little health from kills.
                  | [demonic ancestry]
   250 | D:1      | Reached XP level 2. HP: 19/24 MP: 2/2
   768 | D:2      | Found a sacrificial altar of Ru.
   824 | D:2      | Reached skill level 4 in Fighting
   898 | D:2      | Found a snail-covered altar of Cheibriados.
   923 | D:2      | Gained mutation: You have sharp toenails. [demonic
                  | ancestry]
   923 | D:2      | Reached XP level 3. HP: 29/30 MP: 1/3
  1354 | D:3      | You fall into a shaft and drop 3 floors!
  1417 | D:6      | Noticed an ogre
  1441 | D:6      | Gained mutation: You have razor-sharp toenails. [demonic
                  | ancestry]
  1441 | D:6      | Reached XP level 4. HP: 30/38 MP: 4/4
  1446 | D:6      | Killed an ogre
  1446 | D:6      | Reached skill level 5 in Fighting
  1446 | D:6      | Reached skill level 1 in Stealth
  1446 | D:6      | Reached XP level 5. HP: 5/44 MP: 0/5
  1463 | D:6      | Found a white marble altar of Elyvilon.
  1489 | D:6      | Found a hazy altar of Hepliaklqana.
  1528 | D:6      | Noticed a sky beast
  1559 | D:6      | Killed a sky beast
  1666 | D:6      | Reached XP level 6. HP: 46/52 MP: 6/6
  1760 | D:6      | Found a staircase to the Ecumenical Temple.
  1768 | Temple   | Entered the Ecumenical Temple
  1844 | Temple   | Became a worshipper of Trog the Wrathful
  1925 | D:6      | Reached skill level 6 in Fighting
  2213 | D:6      | Found a shadowy altar of Dithmenos.
  2414 | D:7      | Noticed an orc warrior
  2422 | D:7      | Reached XP level 7. HP: 30/59 MP: 2/7
  2430 | D:7      | Killed from afar by an orc wizard

Illustrated notes

Levels and vault maps discovered:
D:1:      minmay_arrival_doors, layout_loops_corners
D:2:      layout_rooms, lemuel_crystal_altar, nicolae_ru_sacrificial_ziggurat,
          minmay_misc_feat_rugged, minmay_small_reverse_x
D:3:      layout_rooms
D:6:      layout_loops_corners, elyvilon_altar_3, kennysheep_little_box,
          grunt_dithmenos_shadows, minmay_temple_entry_ruins
D:7:      layout_rooms, grunt_temple_overflow_diamond,
          nicolae_ossuary_entry_plus
Temple:   dpeg_three_leaves_temple

Skill      XL: |  1  2  3  4  5  6 |
---------------+-------------------+-----
Fighting       | 4 5 6 |  6.4
Stealth        | 1 |  1.1
Shields        | 3 4 |  4.1
Long Blades    | 2 |  2.9
Armour         | |  2.6
Dodging        | |  0.7

Action                   |  1- 3 |  4- 6 |  7- 9 || total
-------------------------+-------+-------+-------++-------
Melee: Long sword        |   124 |    67 |     6 ||   197
       Kick              |    10 |    17 |     2 ||    29
Evoke: Wand              |       |       |     1 ||     1
  Use: Scroll            |     7 |       |       ||     7
       Potion            |       |     6 |       ||     6
  Eat: Ration            |     1 |     1 |       ||     2
Armor: Scale mail        |    52 |    15 |     3 ||    70
       Skin              |       |    17 |       ||    17
Dodge: Dodged            |    37 |    14 |       ||    51
Block: Kite shield       |    62 |    29 |     8 ||    99
       Rpst.: Long sword |    14 |     5 |       ||    19
